 Dungeon Crawl Stone Soup version 0.21.1-1-g345015f (webtiles) character file.

1730 inc the Skirmisher (level 9, -7/63 HPs)
             Began as an Octopode Ice Elementalist on June 17, 2018.
             Was an Initiate of Gozag.
             Mangled by a hippogriff (9 damage)
             ... on level 8 of the Dungeon.
             The game lasted 00:16:25 (8990 turns).

inc the Skirmisher (Octopode Ice Elementalist)      Turns: 8990, Time: 00:16:26

Health: -7/63      AC:  7    Str:  7    XL:     9   Next: 5%
Magic:  10/16      EV: 16    Int: 21    God:    Gozag
Gold:   443        SH:  0    Dex: 12    Spells: 10/18 levels left

rFire    . . .     SeeInvis .   l - +1 war axe (elec)
rCold    . . .     Gourm    .   (no shield)
rNeg     . . .     Faith    .   (helmet restricted)
rPois    .         Spirit   .   e - amulet of rage
rElec    .         Reflect  .   (no ring)
rCorr    .         Harm     .   (no ring)
MR       .....                  (no ring)
Stlth    +++.......             (no ring)
HPRegen  0.20/turn              (no ring)
MPRegen  0.15/turn              (no ring)
                                (no ring)
                                (no ring)

@: icy armour, slow
A: almost no armour, stealthy swim, amphibious, 8 rings, constrict 8, camouflage
1, gelatinous body 1
a: Potion Petition, Call Merchant, Bribe Branch, Renounce Religion, Evoke
Berserk Rage


You were on level 8 of the Dungeon.
You worshipped Gozag.
Gozag was aware of your devotion.
You were not hungry.

You visited 2 branches of the dungeon, and saw 9 of its levels.

You collected 507 gold pieces.
You paid 64 gold pieces to Gozag.

Inventory:

Hand Weapons
 k - a +0 hand axe
 l - a +1 war axe of electrocution (weapon)
 o - a +3 dagger of freezing
 v - a +1 glaive of freezing
Jewellery
 e - an amulet of rage (around mantle)
Wands
 n - a wand of flame (17)
 p - a wand of disintegration (12)
 y - a wand of digging (13)
Scrolls
 b - 2 scrolls of remove curse
 f - a scroll of magic mapping
 m - 3 scrolls of immolation
 q - 2 scrolls of fear {unknown}
 s - a scroll of holy word
 x - a scroll of teleportation
 z - a scroll of enchant weapon
Potions
 d - a potion of degeneration
 g - 3 potions of brilliance
 h - a potion of lignification
 i - 4 potions of curing
 j - 4 potions of flight
 w - a potion of magic
Books
 a - a book of Frost

   Spells                             Type                      Level
   a - Freeze                         Ice                          1
   b - Throw Frost                    Conjuration/Ice              2
   c - Ozocubu's Armour               Charms/Ice                   3
   d - Throw Icicle                   Conjuration/Ice              4
   e - Summon Ice Beast               Ice/Summoning                4
 t - a book of Changes

   Spells                             Type                      Level
   a - Beastly Appendage              Transmutation                1
   b - Sticks to Snakes               Transmutation                2
   c - Spider Form                    Transmutation/Poison         3
   d - Ice Form                       Ice/Transmutation            4
   e - Blade Hands                    Transmutation                5
Comestibles
 c - 8 rations


   Skills:
 - Level 6.3 Fighting
 + Level 6.1 Dodging
 - Level 2.6 Stealth
 - Level 5.1 Spellcasting
   Level 1.0 Conjurations
 - Level 3.6 Charms
 - Level 4.0 Ice Magic


You had 10 spell levels left.
You knew the following spells:

 Your Spells              Type           Power        Failure   Level  Hunger
a - Freeze                Ice            ###.         1%          1    None
b - Ozocubu's Armour      Chrm/Ice       ###.....     7%          3    ##.....
c - Summon Ice Beast      Ice/Summ       ##......     43%         4    ####...


Dungeon Overview and Level Annotations

Branches:
Dungeon (8/15)             Temple (1/1) D:7
   Lair: D:8-11

Altars:
Ashenzari
Cheibriados
Dithmenos
Elyvilon
Fedhas
Gozag
Hepliaklqana
Kikubaaqudgha
Makhleb
Nemelex Xobeh
Okawaru
Qazlal
Ru
Sif Muna
Trog
Uskayaw
Vehumet
Wu Jian
Xom
Yredelemnul
Zin
The Shining One

Shops:
D:4 (   D:6 (

Annotations:
D:4 tidbits's ghost, amateur GnNe
D:7 inc's ghost, novice OpIE


Innate Abilities, Weirdness & Mutations

You cannot wear most types of armour.
You are very stealthy in the water. (Stealth+)
You are amphibious.
You can wear up to eight rings at the same time.
You can use your tentacles to constrict eight enemies at once.
Your skin changes colour to match your surroundings (Stealth+).
Your rubbery body absorbs attacks. (AC +1, EV +1)


Message History

Confirm with . or Enter, or press ? or * to list all spells.
Aiming: Freeze
Press: ? - help, Shift-Dir - straight line, f/p - hippogriff
Aim: a hippogriff (almost dead)
You freeze the hippogriff.
The hippogriff is almost dead.
The hippogriff barely misses you. The hippogriff pecks you.
* * * LOW HITPOINT WARNING * * *
The hippogriff claws you.
* * * LOW HITPOINT WARNING * * *
Casting: Freeze
Confirm with . or Enter, or press ? or * to list all spells.
Aiming: Freeze
Press: ? - help, Shift-Dir - straight line, f/p - hippogriff
Aim: a hippogriff (almost dead)
You freeze the hippogriff.
The hippogriff is almost dead.
The hippogriff bites you!
You die...
Your body crumbles into a pile of gold.

#......$..O...#.#
#####..####.#$$.##
#.... #.#$#..#
#.##.##...#..### ##.
#..###.#....#
....##$###.#...##
........##.....######
....###.<...H.......#
# #.....#@......#
#.....#..........#
#................$
#.#...............
.....#.............
.......#####........
....... #........
#.[......


You could see a hippogriff.

Vanquished Creatures
  A hippogriff (D:7)
  3 black bears
  2 ice beasts (D:6)
  An orc warrior (D:6)
  2 centaurs
  2 bullfrogs
  A howler monkey (D:6)
  A centaur zombie (D:5)
  A centaur skeleton (D:7)
  A jelly (D:7)
  6 orc wizards
  2 hounds
  A bullfrog skeleton (D:7)
  An iguana (D:7)
  3 worker ants
  A hound zombie (D:5)
  2 hound skeletons
  4 gnolls (D:3)
  3 adders
  3 shadow imps (D:8)
  An ooze (D:3)
  An adder skeleton (D:6)
  A worm (D:3)
  2 dart slugs (D:1)
  3 leopard geckos
  15 orcs
  2 ball pythons (D:2)
  7 bats
  5 giant cockroaches
  10 goblins
  7 hobgoblins
  6 jackals
  4 kobolds
  2 quokkas
  8 frilled lizards
  A quokka skeleton (D:4)
  8 rats
124 creatures vanquished.

Notes
Turn   | Place    | Note
-------+----------+-------------------------------------------
     0 | D:1      | inc the Octopode Ice Elementalist began the quest for the Orb.
     0 | D:1      | Reached XP level 1. HP: 11/11 MP: 3/3
   199 | D:1      | Reached XP level 2. HP: 10/17 MP: 1/5
   641 | D:1      | Reached XP level 3. HP: 18/21 MP: 6/6
  1523 | D:2      | Reached XP level 4. HP: 25/27 MP: 3/8
  1530 | D:2      | Learned a level 3 spell: Ozocubu's Armour
  1535 | D:2      | Learned a level 4 spell: Summon Ice Beast
  1680 | D:2      | Noticed a black bear
  1882 | D:3      | Found a blossoming altar of Fedhas.
  1888 | D:3      | Reached skill level 1 in Charms
  2403 | D:3      | Reached XP level 5. HP: 3/31 MP: 5/9
  3012 | D:4      | Found Inaano Iliaps's Antique Weapon Emporium.
  3064 | D:4      | Found a sparkling altar of Nemelex Xobeh.
  4191 | D:5      | Entered Level 5 of the Dungeon
  4365 | D:5      | Reached skill level 1 in Fighting
  4365 | D:5      | Reached XP level 6. HP: 32/38 MP: 6/10
  5182 | D:6      | Found Uckynnut's Weapon Shoppe.
  5245 | D:6      | HP: 2/63 [orc wizard/puff of frost (8)]
  5578 | D:6      | Noticed an ice beast
  5592 | D:6      | Killed an ice beast
  5592 | D:6      | Reached XP level 7. HP: 16/49 MP: 9/11
  5862 | D:6      | Found an opulent altar of Gozag.
  5871 | D:6      | Became a worshipper of Gozag Ym Sagoz the Greedy
  5917 | D:6      | Reached skill level 5 in Fighting
  6688 | D:2      | Reached XP level 8. HP: 52/58 MP: 10/14
  6831 | D:4      | Noticed tidbits's ghost (amateur GnNe)
  7021 | D:6      | Reached skill level 5 in Spellcasting
  7398 | D:7      | Noticed a hippogriff
  7437 | D:7      | Noticed a hippogriff
  8008 | D:8      | Noticed a two-headed ogre
  8155 | D:7      | Killed a hippogriff
  8155 | D:7      | Reached skill level 5 in Dodging
  8336 | D:7      | Noticed inc's ghost (novice OpIE)
  8382 | D:7      | Found a staircase to the Ecumenical Temple.
  8391 | Temple   | Entered the Ecumenical Temple
  8622 | D:7      | Reached XP level 9. HP: 45/63 MP: 16/16
  8989 | D:8      | HP: 2/63 [hippogriff (6)]
  8990 | D:8      | Mangled by a hippogriff

Skill      XL: |  1  2  3  4  5  6  7  8  9 |
---------------+----------------------------+-----
Spellcasting   | 3 4 5 |  5.1
Ice Magic      | 4 |  4.0
Charms         | 2 3 |  3.6
Fighting       | 1 4 6 |  6.3
Dodging        | 5 6 |  6.1
Stealth        | |  2.6
Conjurations   | |  1.0

Action                   |  1- 3 |  4- 6 |  7- 9 || total
-------------------------+-------+-------+-------++-------
Melee: Unarmed           |    95 |     5 |       ||   100
       Constrict         |    24 |    28 |    19 ||    71
       Tentacles         |    15 |    18 |    15 ||    48
       Hand axe          |       |    25 |       ||    25
       Dagger            |       |    76 |       ||    76
       War axe           |       |    13 |    88 ||   101
 Cast: Freeze            |    17 |    42 |    12 ||    71
       Ozocubu's Armour  |       |    16 |    12 ||    28
  Use: Scroll            |       |    12 |     5 ||    17
       Potion            |       |     1 |     3 ||     4
 Stab: Sleeping          |     8 |    14 |       ||    22
  Eat: Chunk             |     2 |    12 |       ||    14
       Ration            |       |     1 |     4 ||     5
Armor: Skin              |    12 |    41 |    52 ||   105
Dodge: Dodged            |    73 |   100 |   143 ||   316
